 Dungeon Crawl Stone Soup version 0.20.0-10-g0535bb4 (webtiles) character file.

149 shmeve the Skirmisher (level 5, 0/55 HPs)
             Began as an Ogre Berserker on June 3, 2017.
             Was a Believer of Trog.
             Slain by a bat (1 damage)
             ... on level 3 of the Dungeon.
             The game lasted 00:04:14 (1765 turns).

shmeve the Skirmisher (Ogre Berserker)              Turns: 1765, Time: 00:04:16

Health: 0/55       AC:  5    Str: 22    XL:     5   Next: 31%
Magic:  5/5        EV: 10    Int:  8    God:    Trog [**....]
Gold:   48         SH:  2    Dex:  8    Spells: 4/4 levels left

rFire    . . .     SeeInvis .   a - +0 mace
rCold    . . .     Gourm    .   (no shield)
rNeg     . . .     Faith    .   h - +0 robe
rPois    .         Spirit   .   (helmet restricted)
rElec    .         Reflect  +   m - +1 cloak
rCorr    .         Harm     .   (gloves unavailable)
MR       .....                  (boots unavailable)
Stlth    +.........             i - +2 amulet of reflection
Regen    0.2/turn               (no ring)
MPRegen  0.1/turn               (no ring)

@: berserk cooldown, slowed, very slow
A: unfitting armour, tough skin 1
a: Berserk, Trog's Hand, Burn Spellbooks, Renounce Religion


You were on level 3 of the Dungeon.
You worshipped Trog.
Trog was pleased with you.
You were near starving.

You visited 1 branch of the dungeon, and saw 3 of its levels.

You collected 48 gold pieces.

Inventory:

Hand Weapons
 a - a +0 mace (weapon)
Armour
 h - a +0 robe (worn)
 m - a +1 cloak (worn)
Jewellery
 i - a +2 amulet of reflection (around neck)
Wands
 n - a wand of digging (11/24)
Scrolls
 b - a scroll of random uselessness {unknown}
 e - a scroll of immolation {unknown}
 j - a scroll of amnesia {unknown}
 l - a scroll of noise {unknown}
Potions
 f - 4 potions of curing {unknown}
 g - a potion of cancellation {unknown}
 k - a potion of heal wounds {unknown}
Comestibles
 c - 2 bread rations
 d - 3 chunks of flesh
 o - a royal jelly


   Skills:
 * Level 4.9 Fighting
 * Level 4.0 Maces & Flails
 + Level 1.5 Throwing
 * Level 3.4 Dodging


You had 4 spell levels left.
You didn't know any spells.

Dungeon Overview and Level Annotations

Branches:
Dungeon (3/15)

Altars:
Kikubaaqudgha


Innate Abilities, Weirdness & Mutations

You are too large for most types of armour.
You have tough skin. (AC +1)


Message History

The orc misses you. The orc barely misses you. The goblin hits you with a club.
* * * LOW HITPOINT WARNING * * *
The orc hits you but does no damage. The orc closely misses you.
The goblin hits you but does no damage.
You thump the orc!
You kill the orc!
Trog accepts your kill. The bat barely misses you.
The orc hits you but does no damage. The goblin hits you but does no damage.
You block the orc's attack. The bat closely misses you.
The goblin hits you but does no damage. x2
Things that are here:
a trident; an orc corpse You hit the orc.
The orc is moderately wounded.
You block the bat's attack. The bat hits you but does no damage.
The bat barely misses you.
The orc hits you with an enchanted dagger.
* * * LOW HITPOINT WARNING * * *
The bat hits you.
You die...

..#.# . ....#.. .# ....... .#
##..#[.... .# ######## #
......#..## . .###......#
#.##..#...... .
........#.##.#.#.b...#..##.#
........#.##.#..@o.......#o#
........#......#g))#.......###.
.##........#.#.##.##.#...#.....
.##........#.#....)..##.##..#
.##.##..........##..........#
.##.#####..#.#####.####..##.#
.##.(......#.......# #.....#
.#######..(...###### #.##### .#
#.#.##.# #.#


You could see an orc, a goblin and a bat.

Vanquished Creatures
  Crazy Yiuf (D:2)
  Terence (D:3)
  Ijyb (D:3)
  An adder (D:2)
  An ooze (D:1)
  A dart slug (D:1)
  3 leopard geckos
  4 orcs (D:3)
  9 bats
  5 giant cockroaches
  5 goblins
  3 hobgoblins (D:1)
  5 kobolds
  3 quokkas
  A frilled lizard (D:2)
  3 rats
47 creatures vanquished.

Notes
Turn   | Place    | Note
-------+----------+-------------------------------------------
     0 | D:1      | shmeve the Ogre Berserker began the quest for the Orb.
     0 | D:1      | Reached XP level 1. HP: 24/24 MP: 1/1
   177 | D:1      | Reached XP level 2. HP: 24/32 MP: 2/2
   428 | D:1      | Reached skill level 1 in Throwing
   431 | D:1      | Reached XP level 3. HP: 16/39 MP: 3/3
   919 | D:2      | Found a runed door.
  1001 | D:2      | Found an ancient bone altar of Kikubaaqudgha.
  1172 | D:2      | Reached ** piety under Trog
  1465 | D:2      | Noticed Crazy Yiuf
  1476 | D:2      | Killed Crazy Yiuf
  1476 | D:2      | Reached XP level 4. HP: 42/49 MP: 4/4
  1699 | D:3      | Noticed Terence
  1703 | D:3      | Killed Terence
  1712 | D:3      | Reached XP level 5. HP: 49/55 MP: 5/5
  1726 | D:3      | Noticed Ijyb
  1742 | D:3      | Killed Ijyb
  1762 | D:3      | HP: 1/55 [goblin/club (2)]
  1765 | D:3      | Slain by a bat

Skill      XL: |  1  2  3  4  5 |
---------------+----------------+-----
Dodging        | 3 |  3.4
Throwing       | 1 |  1.5
Maces & Flails | 3 4 |  4.0
Fighting       | |  4.9

Action                   |  1- 3 |  4- 6 || total
-------------------------+-------+-------++-------
Melee: Mace              |   111 |    66 ||   177
Invok: Berserk           |     1 |     2 ||     3
  Eat: Chunk             |     2 |     2 ||     4
Armor: Animal skin       |    28 |       ||    28
       Robe              |    51 |    83 ||   134
Dodge: Dodged            |   115 |    95 ||   210
Block: Other             |     2 |    16 ||    18
